 Dungeon Crawl Stone Soup version 0.19.5 (webtiles) character file.

99 stormannn the Insei (level 4, -4/36 HPs)
             Began as a Demigod Transmuter on Apr 15, 2017.
             Slain by an orc
             ... wielding a +0 flail
              (7 damage)
             ... on level 3 of the Dungeon on Nov 25, 2017.
             The game lasted 00:13:38 (3272 turns).

stormannn the Insei (Demigod Transmuter)            Turns: 3272, Time: 00:13:39

Health: -4/36      AC:  3    Str: 20    XL:     4   Next: 22%
Magic:  10/10      EV: 12    Int: 17    God:
Gold:   157        SH:  0    Dex: 16    Spells: 3 memorised, 1 level left

rFire  . . .     SeeInvis .       - Unarmed
rCold  . . .     Gourm    .     m - +0 leather armour (curse)
rNeg   . . .     Faith    .     (no shield)
rPois  .         Spirit   .     (no helmet)
rElec  .         Reflect  .     (no cloak)
rCorr  .         Harm     .     (no gloves)
MR     .....                    (no boots)
Stlth  +.........               (no amulet)
                                (no ring)
                                (no ring)

@: mighty, appendage (expiring)
A: horns 2, high mp 1
a: End Transformation


You were on level 3 of the Dungeon.
You were not hungry.
You had grown temporary horns.
You visited 1 branch of the dungeon, and saw 3 of its levels.

You collected 157 gold pieces.

Inventory:

Missiles
 a - 34 arrows
Armour
 b - a +0 robe
 m - a cursed +0 leather armour (worn)
Wands
 g - a wand of polymorph (10/24)
Scrolls
 e - a scroll of identify {unknown}
 h - a scroll of fog {unknown}
 i - 2 scrolls of magic mapping {unknown}
 l - a scroll of noise {unknown}
Potions
 k - a potion of flight {unknown}
Books
 c - a book of Changes

   Spells                             Type                      Level
   a - Beastly Appendage              Transmutation                1
   b - Sticks to Snakes               Transmutation                2
   c - Spider Form                    Transmutation/Poison         3
   d - Ice Form                       Ice/Transmutation            4
   e - Blade Hands                    Transmutation                5
Comestibles
 d - a bread ration
 j - 6 chunks of flesh


   Skills:
 - Level 1.9 Fighting
 - Level 1.9 Dodging
 - Level 0.6 Stealth
 - Level 2.9 Unarmed Combat
 * Level 2.4 Spellcasting
 * Level 2.9 Transmutations


You had one spell level left.
You knew the following spells:

 Your Spells              Type           Power        Failure   Level  Hunger
a - Beastly Appendage     Tmut           ##....       8%          1    #......
b - Sticks to Snakes      Tmut           ##......     12%         2    ##.....
c - Spider Form           Tmut/Pois      #.........   38%         3    ###....


Dungeon Overview and Level Annotations

Branches:
Dungeon (3/15)


Innate Abilities, Weirdness & Mutations

You have an increased reservoir of magic. (+10% MP)
You have a pair of horns on your head.


Message History

The orc wizard casts a spell.
The orc wizard blinks!
You hit the orc.
You kill the orc!
You barely miss the orc. You headbutt the orc.
The orc is moderately wounded.
The orc hits you with a flail.
You barely miss the orc. You headbutt the orc. Your punch misses the orc.
The orc is heavily wounded.
The orc hits you with a flail!
* * * LOW HITPOINT WARNING * * *
You are too injured to fight recklessly!
You are too injured to fight recklessly!
You are too injured to fight recklessly!
You are too injured to fight recklessly!
You are too injured to fight recklessly!
It was a potion of might.
You feel very mighty all of a sudden. The orc hits you with a flail!
You die...

##.# #.# #.# ### ## #.#
#.. .# #.#### #.# .#
#.##.#####.#### .#
#.#...........# .# ##
#.##.####.....###)#...#
##รท..).........o@oo....#
#......(........##.#...#
#.#.#.####......# .# ##
..#...# ##.#.#.##.#.
#.#..## #.#......>.
#.#..# #......<.#. #.#..#
#(#...#### #.#..# #.(...#
#.#..# ##....#


You could see an orc wizard and 2 orcs.

Vanquished Creatures
  3 adders
  4 worms
  A dart slug (D:1)
  A leopard gecko (D:1)
  3 orcs (D:3)
  5 bats
  6 giant cockroaches
  3 hobgoblins
  A ball python (D:2)
  4 frilled lizards
  10 goblins
  7 kobolds
  7 rats
55 creatures vanquished.

Notes
Turn   | Place    | Note
-------+----------+-------------------------------------------
     0 | D:1      | stormannn the Demigod Transmuter began the quest for the Orb.
     0 | D:1      | Reached XP level 1. HP: 15/15 MP: 5/5
   245 | D:1      | Reached skill level 1 in Fighting
   842 | D:1      | Reached XP level 2. HP: 18/23 MP: 5/7
  1845 | D:2      | Learned a level 2 spell: Sticks to Snakes
  1860 | D:2      | Reached XP level 3. HP: 15/28 MP: 1/8
  2114 | D:2      | Learned a level 3 spell: Spider Form
  2177 | D:2      | Found an opulent altar of Gozag.
  3214 | D:3      | Reached XP level 4. HP: 33/36 MP: 8/10
  3272 | D:3      | Slain by an orc

Skill      XL: |  1 |
---------------+----+-----
Fighting       | 1 |  1.9
Transmutations | 2 |  2.9
Spellcasting   | 2 |  2.4
Dodging        | |  1.9
Stealth        | |  0.6
Unarmed Combat | |  2.9

Action                   |  1- 3 |  4- 6 || total
-------------------------+-------+-------++-------
Melee: Unarmed           |   185 |    19 ||   204
       Headbutt          |    17 |     7 ||    24
       Kick              |    21 |       ||    21
       Punch             |     2 |       ||     2
 Cast: Beastly Appendage |    36 |     1 ||    37
       Sticks to Snakes  |     3 |       ||     3
       Spider Form       |     2 |       ||     2
  Use: Potion            |       |     1 ||     1
 Stab: Sleeping          |     1 |       ||     1
  Eat: Chunk             |     7 |       ||     7
       Pizza             |     1 |       ||     1
Armor: Robe              |    32 |       ||    32
Dodge: Dodged            |   127 |    15 ||   142
